 Dungeon Crawl Stone Soup version 0.26.0-10-g1f06aea511 (webtiles) character file.

Game seed: 8122485730260734701

35 MajorAdolf the Covered (level 3, -4/30 HPs)
             Began as a Naga Wanderer on Jan 20, 2021.
             Slain by a gnoll (5 damage)
             ... on level 2 of the Dungeon.
             The game lasted 00:01:57 (1368 turns).

MajorAdolf the Covered (Naga Wanderer)              Turns: 1368, Time: 00:01:58

Health: -4/30      AC:  5    Str: 15    XL:     3   Next: 33%
Magic:  4/4        EV:  8    Int: 13    God:
Gold:   127        SH:  0    Dex:  9    Spells: 4/4 levels left

rFire    . . .     SeeInvis +   a - +2 dagger
rCold    . . .     Faith    .   (no shield)
rNeg     . . .     Spirit   .   c - +0 ring mail
rPois    +         Reflect  .   (no helmet)
rElec    .         Harm     .   (no cloak)
rCorr    .         Rampage  .   e - +0 pair of gloves
Will     .....                  (no barding)
Stlth    +.........             (no amulet)
HPRegen  0.10/turn              (no ring)
MPRegen  0.09/turn              (no ring)

@: short of breath, very slow
A: large, see invisible, deformed body, poison resistance, slowness 2, spit
poison 1, AC +1
a: Spit Poison


You were on level 2 of the Dungeon.
You visited 1 branch of the dungeon, and saw 2 of its levels.

You collected 127 gold pieces.

Inventory:

Hand Weapons
 a - a +2 dagger (weapon)
Missiles
 b - 4 curare-tipped darts (quivered)
 h - 20 poisoned darts
Armour
 c - a +0 ring mail (worn)
 e - a +0 pair of gloves (worn)
Scrolls
 i - 2 scrolls of amnesia {unknown}
 j - a scroll of blinking {unknown}
 k - a scroll of noise {unknown}
 n - a scroll of enchant weapon {unknown}
 o - a scroll of fog {unknown}
 q - a scroll of remove curse {unknown}
Potions
 f - a potion of heal wounds {unknown}
 g - a potion of flight {unknown}
 l - a potion of haste {unknown}
 m - a potion of mutation {unknown}
 p - a potion of brilliance {unknown}


   Skills:
 + Level 0.9 Fighting
 + Level 0.9 Short Blades
 - Level 1.0 Maces & Flails
 - Level 1.0 Throwing
 + Level 3.4 Armour
 + Level 0.7 Dodging
 + Level 1.5 Stealth
 - Level 1.0 Spellcasting
 - Level 2.0 Ice Magic
 + Level 1.5 Evocations


You had 4 spell levels left.
You didn't know any spells.
Your spell library was empty.

Dungeon Overview and Level Annotations

Branches:
Dungeon (2/15)

Altars:


Innate Abilities, Weirdness & Mutations

You cannot wear boots.
Your serpentine skin is tough. (AC +1)
You have supernaturally acute eyesight. (SInv)
Armour fits poorly on your strangely shaped body.
Your system is resistant to poisons. (rPois)
You cover ground very slowly.
You can spit poison.


Message History

You hit the gnoll.
The gnoll is heavily wounded.
The gnoll hits you but does no damage.
Unknown command.
Press: ? - help, Shift-Dir - straight line, f/p - gnoll
Aim: a gnoll (heavily wounded)
The splash of poison misses the gnoll.
The gnoll hits you but does no damage.
Unknown command.
The gnoll closely misses you.
You have got your breath back.
Press: ? - help, Shift-Dir - straight line, f/p - gnoll
Aim: a gnoll (heavily wounded)
The splash of poison hits the gnoll.
The gnoll is severely wounded.
The gnoll closely misses you.
Unknown command.
The gnoll hits you.
* * * LOW HITPOINT WARNING * * *
The gnoll hits you.
You die...

...............
#####..#...#..
#.#######.
#...###...
#.###.###.
#..#..(#.. #
#....#(..# #.#######
#...###.##
#..@g...#####...###
#######....†..###.##
#######..#..b#
##(..... ##.....
######


You could see a gnoll.

Vanquished Creatures
  An adder (D:2)
  A leopard gecko (D:2)
  A ball python (D:1)
  3 bats (D:2)
  3 giant cockroaches
  2 goblins
  3 hobgoblins
  4 frilled lizards
  3 kobolds
  4 rats
25 creatures vanquished.

Notes
Turn   | Place    | Note
-------+----------+-------------------------------------------
     0 | D:1      | MajorAdolf the Naga Wanderer began the quest for the Orb.
     0 | D:1      | MajorAdolf set off with the following items: a +2 dagger, 4
                  | curare-tipped darts, a +0 ring mail, a potion of curing
     0 | D:1      | Reached XP level 1. HP: 15/15 MP: 2/2
   526 | D:1      | Reached XP level 2. HP: 21/24 MP: 3/3
   928 | D:2      | Found a faded altar of an unknown god.
   955 | D:2      | Reached skill level 1 in Stealth
  1283 | D:2      | Reached XP level 3. HP: 28/30 MP: 4/4
  1366 | D:2      | HP: 1/30 [gnoll (3)]
  1368 | D:2      | Slain by a gnoll

Illustrated notes

Levels and vault maps discovered:
D:1:      dpeg_arrival_boxorama, layout_rooms, nrook_loot_triangle
D:2:      layout_loops_ring, chequers_ecumenical_altar_island, minmay_between

Skill      XL: |  1  2 |
---------------+-------+-----
Stealth        | 1 |  1.5
Fighting       | |  0.9
Short Blades   | |  0.9
Maces & Flails | |  1.0
Throwing       | |  1.0
Armour         | |  3.4
Dodging        | |  0.7
Spellcasting   | |  1.0
Ice Magic      | |  2.0
Evocations     | |  1.5

Action                   || total
-------------------------++-------
Melee: Dagger            ||   103
 Abil: Spit Poison       ||     6
  Use: Potion            ||     2
Armor: Ring mail         ||    79
Dodge: Dodged            ||    71
